 Dungeon Crawl Stone Soup version 0.32-a0-468-g38b2580584 (webtiles) character file.

Game seed: 8956784514155857661

48 Dordric the Shield-Bearer (level 3, -2/31 HPs)
             Began as a Mountain Dwarf Fighter on Feb 24, 2024.
             Slain by a hobgoblin (4 damage)
             ... on level 2 of the Dungeon.
             The game lasted 00:01:02 (1030 turns).

Dordric the Shield-Bearer (Mountain Dwarf Fighter)  Turns: 1030, Time: 00:01:03

Health: -2/31      AC:  6    Str: 20    XL:     3   Next: 50%
Magic:  3/3        EV:  6    Int:  8    God:
Gold:   82         SH: 11    Dex:  9    Spells: 2/2 levels left

rFire   . . .        a - +0 flail
rCold   . . .        g - +0 tower shield
rNeg    . . .        b - +0 scale mail
rPois   .            (no helmet)
rElec   .            (no cloak)
rCorr   .            (no gloves)
SInv    .            (no boots)
Will    .....        (no amulet) Stlth
                     (no ring)
HPRegen 0.25/turn    (no ring)
MPRegen 0.08/turn

%: no passive effects
@: no status effects
A: runic magic, artefact enchanting
a: no special abilities


You were on level 2 of the Dungeon.
You visited 1 branch of the dungeon, and saw 2 of its levels.

You collected 82 gold pieces.

Inventory:

Hand Weapons
 a - a +0 flail (weapon)
Armour
 b - a +0 scale mail (worn)
 c - a +0 buckler
 g - a +0 tower shield (worn)
Scrolls
 e - 2 scrolls of fear {unknown}
 f - a scroll of identify {unknown}
 h - a scroll of vulnerability {unknown}
Potions
 d - 2 potions of might
 i - a potion of berserk rage {unknown}


   Skills:
 - Level 3.2 Fighting
 + Level 4.0 Maces & Flails
 - Level 3.2 Armour
 + Level 4.0 Shields


You had 2 spell levels left.
You didn't know any spells.
Your spell library was empty.

Dungeon Overview and Level Annotations

Branches:
Dungeon (2/15)

Altars:


Innate Abilities, Weirdness & Mutations

Your spellcasting is much less encumbered by armour.
You can use scrolls of enchantment on lesser artefacts.


Message History

The goblin hits you but does no damage. You block the goblin's attack.
The goblin hits you with a +0 dagger. The hobgoblin hits you.
The hobgoblin hits you but does no damage.
You block the goblin's attack.
The goblin hits you but does no damage. x2
You barely miss the goblin. The hobgoblin hits you.
The hobgoblin hits you but does no damage.
You block the goblin's attack. x2; The goblin hits you but does no damage.
You block the hobgoblin's attack.
You hit the goblin.
The goblin is heavily wounded.
The goblin barely misses you. The hobgoblin hits you.
You block the goblin's attack. The goblin hits you but does no damage.
The hobgoblin hits you.
* * * LOW HITPOINT WARNING * * *
You block the hobgoblin's attack. The goblin hits you but does no damage.
The goblin hits you with a +0 dagger.
* * * LOW HITPOINT WARNING * * *
You block the goblin's attack.
You sock the goblin!
You kill the goblin!
The hobgoblin hits you.
* * * LOW HITPOINT WARNING * * *
You block the goblin's attack. x2; The hobgoblin hits you.
* * * LOW HITPOINT WARNING * * *
You block the hobgoblin's attack. The goblin hits you with a +0 dagger.
* * * LOW HITPOINT WARNING * * *
There is a broken door here.
Things that are here:
a +0 dagger; a hobgoblin corpse You closely miss the goblin.
The goblin hits you but does no damage. You block the goblin's attack.
You barely miss the goblin. The goblin hits you with a +0 dagger.
* * * LOW HITPOINT WARNING * * *
You sock the goblin!
You kill the goblin!
You swing at nothing.
You block the hobgoblin's attack.
You swing at nothing.
You block the hobgoblin's attack. The hobgoblin closely misses you.
The hobgoblin hits you.
You die...

#># .# #.# #.## #.# ##...##
##### #.# ####.....### #...#
#.####...........
###...###.##...†......#
###.......#.#..###.....##
..........#.#.##.##.#.########
###.†.........#g@g#...........
.####...##..####g####........#
...##†..##.##†#...# ##†.......
.#.##......'..)...+ #..######
##.##.####.##)#...# ##........
##.#...###..####'####...######
##............#...#.........#
........#####.##.##.#.......#
........# #..###..#.......#


You could see 2 hobgoblins and a goblin.

Vanquished Creatures
  A gnoll (D:1)
  3 bats (D:1)
  A giant cockroach (D:1)
  6 goblins
  8 hobgoblins
  3 kobolds (D:1)
  2 quokkas (D:1)
  3 ball pythons
  2 frilled lizards
  5 rats (D:1)
34 creatures vanquished.

Notes
Turn   | Place    | Note
-------+----------+-------------------------------------------
     0 | D:1      | Dordric the Mountain Dwarf Fighter began the quest for the
                  | Orb.
     0 | D:1      | Reached XP level 1. HP: 19/19 MP: 1/1
   224 | D:1      | Reached XP level 2. HP: 26/26 MP: 2/2
   560 | D:1      | Reached XP level 3. HP: 31/31 MP: 3/3
  1027 | D:2      | HP: 1/31 [goblin/+0 dagger (2)]
  1030 | D:2      | Slain by a hobgoblin

Illustrated notes

Levels and vault maps discovered:
D:1:      roderic_chinese_lattice_arrival, layout_basic
D:2:      cheibrodos_greedy_goblins, layout_loops_ring, basic_ecumenical_altar,
          minmay_pentomino_z2

Skill      XL: |  1  2  3 |
---------------+----------+-----
Maces & Flails | 3 4 |  4.0
Shields        | 4 |  4.0
Fighting       | |  3.2
Armour         | |  3.2

Action                     || total
---------------------------++-------
  Melee: Flail             ||   123
 Armour: Scale mail        ||   123
  Dodge: Dodged            ||    54
  Block: Tower shield      ||   122
         Buckler           ||     4

Table legend: (Time is in decaauts)
 A = Elapsed time spent in this place.
 B = Non-inter-level travel time spent in this place.
 C = Inter-level travel time spent in this place.
 D = Time resting spent in this place.
 E = Time spent auto-exploring this place.
 F = Levels seen in this place.
 G = Mean time per level.
                   A        B        C        D        E       F      G
               +--------+--------+--------+--------+--------+-----+--------+
         Total |   1096 |   1073 |     23 |      0 |    769 |   2 |  548.0 |
       Dungeon |   1096 |   1073 |     23 |      0 |    769 |   2 |  548.0 |
               +--------+--------+--------+--------+--------+-----+--------+

Top non-repeatable levels by time:
     D:1: 840 daAuts
     D:2: 255 daAuts
